cohdb
Replays
Latest Replays
All Replays
Popular Replays
Top Player Replays
Match Explorer
How It Works
Community
CoH3 Stats
Reddit
Sign in to upload your games and track your stats! →
Sign in with Steam
Match 42785077
Unlisted
Match 42785077
Overview
Messages
Build Orders
End
Pioneer Squad
Construct Infanterie Kompanie
Grenadier Squad
MG 42 Machine Gun Team
Selects Breakthrough Battlegroup
Selects Assault Grenadiers
Grenadier Squad
Construct Luftwaffe Kompanie
Medical Bunker
221 Scout Car
Selects 2.5-tonne Cargo Truck
Jäger Squad
Jäger Squad
Construct Panzer Kompanie
Panzer IV Medium Tank
Selects Blitzkrieg
Stoßtruppen Squad
Stoßtruppen Squad
Selects Tiger Heavy Tank
energiazers
LORGAR
Bran
DrewP
0
0
Comments
sign in to comment!
No comments posted yet!